[ AOE2 MATCH · #499518764 ]
UnrankedMalians vs Malians
[ REPLAY ANALYSIS · EXTRACTED FROM THE RECORDED GAME ]
Feudal
10:56
Castle
15:11
Imperial
—
| APM avg | 30.3 |
| APM peak | 61 |
| eAPM avg | 15.5 |
| Villagers / military | 44 / 26 |
Focus
⚔️ 32.3% · 🌾 67.7%
Gbeto ×24 · Fishing Ship ×15 · Battering Ram ×2 · Unknown (2626) ×2
Feudal
11:53
Castle
15:46
Imperial
—
| APM avg | 19.1 |
| APM peak | 68 |
| eAPM avg | 11.6 |
| Villagers / military | 76 / 1 |
Focus
⚔️ 8.1% · 🌾 91.9%
Monk ×1
Feudal
10:28
Castle
17:32
Imperial
—
| APM avg | 25.4 |
| APM peak | 69 |
| eAPM avg | 12.0 |
| Villagers / military | 28 / 5 |
Focus
⚔️ 23.7% · 🌾 76.3%
Conquistador ×5 · Fishing Ship ×5
Feudal
9:48
Castle
15:33
Imperial
—
| APM avg | 16.8 |
| APM peak | 37 |
| eAPM avg | 11.0 |
| Villagers / military | 37 / 26 |
Focus
⚔️ 32.6% · 🌾 67.4%
Fishing Ship ×28 · Battle Elephant ×20 · Battering Ram ×4 · Unknown (2626) ×4 · Spearman ×2
Feudal
11:34
Castle
15:24
Imperial
—
| APM avg | 36.4 |
| APM peak | 93 |
| eAPM avg | 20.0 |
| Villagers / military | 42 / 20 |
Focus
⚔️ 65.9% · 🌾 34.1%
Knight ×20 · Fishing Ship ×5
Feudal
12:50
Castle
18:33
Imperial
—
| APM avg | 10.8 |
| APM peak | 26 |
| eAPM avg | 5.8 |
| Villagers / military | 40 / 0 |
Focus
⚔️ 8.1% · 🌾 91.9%
Feudal
12:56
Castle
18:53
Imperial
—
| APM avg | 28.3 |
| APM peak | 54 |
| eAPM avg | 15.7 |
| Villagers / military | 37 / 13 |
Focus
⚔️ 27.2% · 🌾 72.8%
Organ Gun ×11 · Fishing Ship ×8 · Spearman ×2
Feudal
10:54
Castle
18:50
Imperial
—
| APM avg | 28.8 |
| APM peak | 57 |
| eAPM avg | 13.7 |
| Villagers / military | 43 / 17 |
Focus
⚔️ 35.9% · 🌾 64.1%
Fishing Ship ×18 · Monk ×8 · Armored Elephant ×7 · Mangonel ×2
Match map
Initial resources + every placement click. Lines = walls · curves = elevation contours. ◆ gold · ⬟ stone · ● berries · ✦ relic · ◌ wall gap
Your base· ✓ Map-separated
rookie's base· ✓ Map-separated
[GDL] RagnarokCo's base· Open — opponent sealed themselves in
Hamstring Cramp's base· ✓ Map-separated
Dadagama's base· ✓ Map-separated
Blizzard's base· Open
KIng Joselito Pecador's base· Open
DolphLundgren's base· ✓ Closed at 18:50 · 12t walls · no gate
Smoothed initial terrain · ◌ = detected wall gap · hover for details
Inputs per minute
— Blaze - - rookie
Build order — Blaze
133 actions detected in the replay
| 0:09 | Build | House |
| 0:11 | Build | House |
| 0:13 | Build | House |
| 0:48 | Build | Dock |
| 1:56 | Build | Town Center |
| 2:49 | Create | Villager (Male) ×4 |
| 2:49 | Create | Villager (Male) ×4 |
| 2:50 | Create | Fishing Ship |
| 3:32 | Create | Fishing Ship |
| 3:52 | Build | Mill |
| 4:35 | Create | Villager (Male) |
| 4:36 | Create | Fishing Ship |
| 5:00 | Create | Villager (Male) |
| 5:01 | Create | Fishing Ship |
| 5:24 | Create | Fishing Ship |
| 5:25 | Create | Villager (Male) |
| 5:45 | Create | Villager (Male) |
| 6:18 | Create | Villager (Male) |
| 6:26 | Build | Mill |
| 6:42 | Build | Dock |
| 6:51 | Create | Villager (Male) |
| 7:01 | Create | Villager (Male) |
| 7:05 | Create | Fishing Ship |
| 7:22 | Create | Fishing Ship |
| 7:43 | Research | Loom |
| 7:47 | Build | House |
| 7:49 | Build | House |
| 7:54 | Create | Fishing Ship |
| 7:54 | Create | Fishing Ship |
| 8:16 | Create | Villager (Male) |
| 8:46 | Research | Feudal Age |
| 9:00 | Build | Palisade Wall |
| 9:05 | Build | Palisade Wall |
| 9:20 | Create | Fishing Ship |
| 9:24 | Create | Fishing Ship |
| 9:40 | Build | Mining Camp |
| 9:46 | Create | Villager (Male) |
| 10:09 | Create | Fishing Ship |
| 10:36 | Create | Villager (Male) |
| 10:36 | Create | Villager (Male) |
| 10:56 | Age | Feudal Age |
| 10:58 | Create | Unit 2626 |
| 11:19 | Build | Market |
| 11:28 | Build | Blacksmith |
| 12:31 | Research | Castle Age |
| 13:05 | Create | Unit 2626 |
| 13:10 | Create | Fishing Ship |
| 13:16 | Create | Villager (Male) |
| 13:16 | Create | Villager (Male) |
| 13:33 | Build | Outpost |
| 13:37 | Research | Town Watch |
| 13:39 | Create | Villager (Male) |
| 13:44 | Build | Lumber Camp |
| 13:51 | Create | Fishing Ship |
| 14:22 | Build | House |
| 14:26 | Build | Palisade Wall |
| 15:07 | Create | Villager (Male) |
| 15:11 | Age | Castle Age |
| 16:04 | Build | Castle |
| 16:08 | Build | Palisade Wall |
| 16:12 | Build | Palisade Wall |
| 16:14 | Create | Villager (Male) |
| 16:46 | Create | Villager (Male) |
| 17:03 | Create | Gbeto ×5 |
| 17:12 | Build | Town Center |
| 17:38 | Create | Gbeto |
| 17:44 | Create | Villager (Male) |
| 17:56 | Build | Barracks |
| 18:00 | Research | Scale Mail Armor |
| 18:05 | Create | Gbeto |
| 18:15 | Create | Gbeto |
| 18:26 | Create | Villager (Male) |
| 18:28 | Research | Tech 906 |
| 18:33 | Create | Gbeto ×3 |
| 18:46 | Create | Gbeto |
| 18:51 | Research | Arson |
| 18:52 | Research | Squires |
| 18:58 | Create | Villager (Male) |
| 18:59 | Create | Villager (Male) |
| 19:04 | Create | Gbeto |
| 19:38 | Create | Villager (Male) |
| 19:40 | Create | Gbeto |
| 19:40 | Create | Gbeto |
| 19:46 | Create | Villager (Male) |
| 19:49 | Create | Fishing Ship |
| 19:54 | Build | Dock |
| 19:57 | Research | Double-Bit Axe |
| 20:10 | Create | Villager (Male) |
| 20:27 | Create | Gbeto |
| 20:32 | Build | Farm |
| 20:34 | Build | Farm |
| 20:36 | Build | Farm |
| 21:00 | Build | Siege Workshop |
| 21:02 | Create | Gbeto |
| 21:09 | Research | Forging |
| 21:09 | Create | Villager (Male) |
| 21:29 | Build | Mill |
| 22:02 | Create | Gbeto |
| 22:02 | Create | Gbeto |
| 22:04 | Create | Battering Ram |
| 22:06 | Build | House |
| 22:07 | Create | Villager (Male) |
| 22:08 | Create | Villager (Male) |
| 22:09 | Create | Villager (Male) |
| 22:10 | Build | Farm |
| 22:11 | Build | Farm |
| 22:20 | Research | Fletching |
| 22:52 | Create | Villager (Male) |
| 22:53 | Create | Villager (Male) |
| 22:56 | Build | Farm |
| 22:58 | Build | Farm |
| 23:04 | Create | Gbeto |
| 23:05 | Create | Gbeto |
| 23:05 | Create | Gbeto |
| 23:08 | Research | Chain Mail Armor |
| 23:10 | Build | Farm |
| 23:40 | Create | Gbeto |
| 23:40 | Create | Gbeto |
| 23:43 | Create | Battering Ram |
| 23:47 | Build | House |
| 23:49 | Build | House |
| 23:49 | Build | House |
| 23:52 | Create | Villager (Male) |
| 23:52 | Create | Villager (Male) |
| 24:13 | Research | Gillnets |
| 24:32 | Research | Iron Casting |
| 24:35 | Build | House |
| 24:35 | Build | House |
| 24:36 | Create | Villager (Male) |
| 24:37 | Create | Villager (Male) |
| 24:55 | Create | Villager (Male) |
| 24:56 | Create | Villager (Male) |
| 24:58 | Research | Wheelbarrow |
Build order — rookie
145 actions detected in the replay
| 1:46 | Build | Town Center |
| 2:15 | Build | House |
| 2:38 | Create | Villager (Male) |
| 2:38 | Create | Villager (Male) |
| 2:39 | Create | Villager (Male) |
| 2:39 | Create | Villager (Male) |
| 2:39 | Create | Villager (Male) |
| 2:44 | Research | Loom |
| 2:46 | Create | Villager (Male) |
| 2:46 | Create | Villager (Male) |
| 2:46 | Create | Villager (Male) |
| 3:46 | Create | Villager (Male) |
| 3:46 | Create | Villager (Male) |
| 4:08 | Build | Mill |
| 4:15 | Build | House |
| 5:17 | Create | Villager (Male) |
| 5:27 | Build | Farm |
| 5:29 | Build | Farm |
| 5:41 | Build | House |
| 5:48 | Create | Villager (Male) |
| 6:11 | Create | Villager (Male) |
| 6:11 | Create | Villager (Male) |
| 6:42 | Create | Villager (Male) |
| 6:43 | Create | Villager (Male) |
| 6:57 | Build | House |
| 7:32 | Create | Villager (Male) |
| 7:33 | Create | Villager (Male) |
| 8:11 | Create | Villager (Male) |
| 8:42 | Create | Villager (Male) |
| 8:56 | Build | Mining Camp |
| 9:17 | Create | Villager (Male) |
| 9:43 | Research | Feudal Age |
| 10:53 | Create | Villager (Male) |
| 10:53 | Create | Villager (Male) |
| 11:53 | Age | Feudal Age |
| 11:59 | Build | Market |
| 12:08 | Build | Blacksmith |
| 12:56 | Build | Lumber Camp |
| 13:06 | Research | Castle Age |
| 13:42 | Research | Double-Bit Axe |
| 13:45 | Research | Horse Collar |
| 14:31 | Build | House |
| 14:34 | Build | House |
| 15:40 | Build | Farm |
| 15:41 | Build | Farm |
| 15:44 | Build | Farm |
| 15:46 | Age | Castle Age |
| 15:51 | Create | Villager (Male) |
| 15:52 | Create | Villager (Male) |
| 15:59 | Build | Town Center |
| 16:07 | Build | Town Center |
| 16:20 | Research | Bow Saw |
| 16:29 | Create | Villager (Male) |
| 16:50 | Create | Monk |
| 16:52 | Create | Villager (Male) |
| 17:11 | Build | Farm |
| 17:27 | Build | Farm |
| 17:30 | Build | Farm |
| 17:32 | Create | Villager (Male) |
| 17:33 | Create | Villager (Male) |
| 17:38 | Build | Farm |
| 17:45 | Build | Farm |
| 17:51 | Build | Farm |
| 17:54 | Create | Villager (Male) |
| 17:58 | Create | Villager (Male) |
| 18:01 | Build | Farm |
| 18:25 | Build | Farm |
| 18:27 | Create | Villager (Male) |
| 18:28 | Create | Villager (Male) |
| 18:31 | Create | Villager (Male) |
| 18:31 | Create | Villager (Male) |
| 18:40 | Build | Farm |
| 18:53 | Build | Mill |
| 18:59 | Create | Villager (Male) |
| 19:01 | Create | Villager (Male) |
| 19:05 | Build | Farm |
| 19:06 | Build | Farm |
| 19:18 | Create | Villager (Male) |
| 19:26 | Build | Farm |
| 19:27 | Build | Farm |
| 19:28 | Build | Farm |
| 19:30 | Build | Farm |
| 19:32 | Build | Farm |
| 19:38 | Create | Villager (Male) |
| 19:41 | Create | Villager (Male) |
| 19:46 | Build | Farm |
| 19:49 | Create | Villager (Male) |
| 19:50 | Create | Villager (Male) |
| 20:01 | Build | House |
| 20:03 | Build | House |
| 20:09 | Create | Villager (Male) |
| 20:11 | Create | Villager (Male) |
| 20:16 | Create | Villager (Male) |
| 20:17 | Create | Villager (Male) |
| 20:25 | Build | Town Center |
| 20:28 | Create | Villager (Male) |
| 20:48 | Create | Villager (Male) |
| 20:49 | Create | Villager (Male) |
| 20:50 | Create | Villager (Male) |
| 20:56 | Build | Farm |
| 20:59 | Create | Villager (Male) |
| 21:03 | Create | Villager (Male) |
| 21:17 | Research | Stone Mining |
| 21:26 | Create | Villager (Male) |
| 21:40 | Create | Villager (Male) |
| 21:49 | Create | Villager (Male) |
| 22:01 | Build | Farm |
| 22:20 | Create | Villager (Male) |
| 22:22 | Research | Wheelbarrow |
| 22:24 | Create | Villager (Male) |
| 22:26 | Create | Villager (Male) |
| 22:44 | Create | Villager (Male) |
| 22:45 | Create | Villager (Male) |
| 22:45 | Create | Villager (Male) |
| 22:46 | Create | Villager (Male) |
| 22:49 | Build | Farm |
| 22:51 | Create | Villager (Male) |
| 22:54 | Build | Farm |
| 23:03 | Build | Farm |
| 23:14 | Build | House |
| 23:15 | Build | House |
| 23:21 | Research | Town Watch |
| 23:23 | Research | Heavy Plow |
| 23:30 | Create | Villager (Male) |
| 23:59 | Build | Stone Wall |
| 24:13 | Build | Castle |
| 24:20 | Create | Villager (Male) |
| 24:21 | Create | Villager (Male) |
| 24:24 | Build | Farm |
| 24:25 | Build | Farm |
| 24:29 | Build | Farm |
| 24:32 | Create | Villager (Male) |
| 24:32 | Create | Villager (Male) |
| 24:41 | Build | Town Center |
| 24:43 | Create | Villager (Male) |
| 24:44 | Create | Villager (Male) |
| 24:44 | Create | Villager (Male) |
| 24:45 | Create | Villager (Male) |
| 24:45 | Create | Villager (Male) |
| 24:45 | Create | Villager (Male) |
| 24:46 | Create | Villager (Male) |
| 24:46 | Create | Villager (Male) |
| 25:13 | Build | Barracks |
| 25:18 | Build | Farm |
| 25:57 | Build | Siege Workshop |
Build order — [GDL] RagnarokCo
73 actions detected in the replay
| 1:07 | Build | Dock |
| 1:11 | Build | House |
| 2:36 | Build | Town Center |
| 3:43 | Research | Loom |
| 3:44 | Create | Villager (Male) |
| 3:49 | Create | Fishing Ship |
| 3:49 | Create | Fishing Ship |
| 3:57 | Build | House |
| 4:02 | Create | Villager (Male) |
| 4:03 | Create | Villager (Male) |
| 4:03 | Create | Villager (Male) |
| 4:27 | Build | House |
| 5:11 | Create | Villager (Male) |
| 5:23 | Create | Villager (Male) |
| 5:29 | Build | House |
| 5:52 | Build | Mill |
| 6:04 | Create | Villager (Male) |
| 6:08 | Create | Fishing Ship |
| 6:08 | Create | Fishing Ship |
| 6:36 | Create | Villager (Male) |
| 7:27 | Create | Villager (Male) |
| 7:40 | Create | Villager (Male) |
| 7:54 | Build | Mining Camp |
| 8:07 | Create | Fishing Ship |
| 8:18 | Research | Feudal Age |
| 8:18 | Research | Feudal Age |
| 8:46 | Build | Palisade Wall |
| 8:50 | Build | Palisade Gate |
| 9:16 | Build | House |
| 9:17 | Build | House |
| 9:19 | Build | House |
| 9:53 | Create | Villager (Male) |
| 9:54 | Create | Villager (Male) |
| 10:28 | Age | Feudal Age |
| 10:34 | Create | Villager (Male) |
| 10:41 | Build | Blacksmith |
| 11:16 | Create | Villager (Male) |
| 11:23 | Build | House |
| 11:37 | Create | Villager (Male) |
| 11:46 | Build | Watch Tower |
| 12:08 | Create | Villager (Male) |
| 12:13 | Build | Mining Camp |
| 12:17 | Create | Villager (Male) |
| 12:40 | Build | Watch Tower |
| 12:42 | Research | Fletching |
| 13:29 | Create | Villager (Male) |
| 13:39 | Build | Market |
| 13:56 | Create | Villager (Male) |
| 14:27 | Create | Villager (Male) |
| 14:30 | Research | Castle Age |
| 15:15 | Build | Mining Camp |
| 17:32 | Age | Castle Age |
| 18:02 | Build | Castle |
| 18:13 | Create | Villager (Male) |
| 18:13 | Create | Villager (Male) |
| 18:20 | Build | House |
| 18:26 | Build | Palisade Gate |
| 18:34 | Build | Palisade Wall |
| 18:36 | Build | Palisade Wall |
| 19:11 | Create | Conquistador |
| 19:11 | Create | Conquistador |
| 19:59 | Create | Conquistador |
| 21:21 | Create | Villager (Male) |
| 21:21 | Create | Villager (Male) |
| 22:06 | Build | Castle |
| 22:22 | Create | Conquistador |
| 22:22 | Create | Conquistador |
| 22:42 | Create | Villager (Male) |
| 22:43 | Create | Villager (Male) |
| 22:43 | Create | Villager (Male) |
| 23:22 | Create | Villager (Male) |
| 23:33 | Build | Mining Camp |
| 24:09 | Build | Lumber Camp |
Build order — Hamstring Cramp
146 actions detected in the replay
| 0:43 | Build | Dock |
| 1:51 | Build | Town Center |
| 2:46 | Create | Fishing Ship |
| 2:56 | Create | Villager (Male) |
| 2:57 | Create | Villager (Male) |
| 3:14 | Create | Villager (Male) |
| 3:15 | Create | Villager (Male) |
| 3:23 | Build | House |
| 3:23 | Build | House |
| 3:29 | Create | Fishing Ship |
| 4:04 | Create | Villager (Male) |
| 4:11 | Create | Villager (Male) |
| 4:40 | Create | Villager (Male) |
| 5:03 | Create | Villager (Male) |
| 5:08 | Create | Villager (Male) |
| 5:09 | Create | Fishing Ship |
| 5:49 | Create | Villager (Male) |
| 5:49 | Create | Villager (Male) |
| 6:04 | Build | House |
| 6:06 | Create | Fishing Ship |
| 6:37 | Create | Villager (Male) |
| 6:37 | Create | Villager (Male) |
| 6:41 | Create | Fishing Ship |
| 6:57 | Create | Fishing Ship |
| 7:06 | Build | House |
| 7:30 | Build | Mining Camp |
| 8:18 | Create | Fishing Ship |
| 8:24 | Build | Dock |
| 8:30 | Research | Feudal Age |
| 8:50 | Create | Fishing Ship |
| 9:21 | Create | Fishing Ship |
| 9:48 | Age | Feudal Age |
| 9:52 | Create | Unit 2626 |
| 9:53 | Create | Unit 2626 |
| 9:55 | Create | Villager (Male) |
| 9:55 | Create | Villager (Male) |
| 9:55 | Create | Villager (Male) |
| 10:02 | Build | Lumber Camp |
| 10:32 | Build | Mill |
| 10:35 | Create | Villager (Male) |
| 10:35 | Create | Villager (Male) |
| 10:58 | Create | Unit 2626 |
| 11:01 | Create | Unit 2626 |
| 11:11 | Build | House |
| 11:30 | Build | House |
| 11:30 | Build | House |
| 11:32 | Build | House |
| 11:33 | Build | House |
| 12:15 | Create | Villager (Male) |
| 12:19 | Create | Fishing Ship |
| 12:19 | Create | Fishing Ship |
| 12:33 | Create | Villager (Male) |
| 13:03 | Build | Market |
| 13:06 | Create | Villager (Male) |
| 13:11 | Build | Blacksmith |
| 13:57 | Research | Castle Age |
| 14:20 | Research | Double-Bit Axe |
| 14:28 | Build | House |
| 14:29 | Build | House |
| 14:30 | Build | House |
| 14:31 | Build | House |
| 14:50 | Create | Fishing Ship |
| 14:50 | Create | Fishing Ship |
| 15:19 | Build | Barracks |
| 15:23 | Research | Scale Barding Armor |
| 15:24 | Research | Forging |
| 15:26 | Create | Villager (Male) |
| 15:27 | Create | Villager (Male) |
| 15:33 | Age | Castle Age |
| 15:33 | Create | Fishing Ship |
| 15:34 | Create | Fishing Ship |
| 16:02 | Build | Stable |
| 16:13 | Create | Villager (Male) |
| 16:30 | Build | Stable |
| 16:40 | Create | Villager (Male) |
| 16:50 | Create | Fishing Ship |
| 16:50 | Create | Fishing Ship |
| 16:54 | Create | Fishing Ship |
| 17:05 | Research | Husbandry |
| 17:06 | Create | Battle Elephant |
| 17:07 | Create | Battle Elephant |
| 17:18 | Research | Loom |
| 17:27 | Create | Battle Elephant |
| 17:27 | Create | Battle Elephant |
| 17:28 | Create | Battle Elephant |
| 17:45 | Create | Villager (Male) |
| 17:45 | Create | Villager (Male) |
| 17:50 | Create | Fishing Ship |
| 17:50 | Create | Fishing Ship |
| 17:50 | Create | Fishing Ship |
| 17:51 | Create | Fishing Ship |
| 18:01 | Create | Battle Elephant |
| 18:01 | Create | Battle Elephant |
| 18:26 | Build | Lumber Camp |
| 19:04 | Create | Battle Elephant |
| 19:05 | Create | Battle Elephant |
| 19:05 | Create | Battle Elephant |
| 19:06 | Create | Villager (Male) |
| 19:30 | Create | Battle Elephant |
| 19:30 | Create | Battle Elephant |
| 19:31 | Create | Battle Elephant |
| 19:43 | Create | Villager (Male) |
| 19:44 | Create | Villager (Male) |
| 19:51 | Create | Fishing Ship |
| 19:52 | Create | Fishing Ship |
| 19:52 | Create | Fishing Ship |
| 19:52 | Create | Fishing Ship |
| 19:52 | Create | Fishing Ship |
| 19:55 | Create | Fishing Ship |
| 20:01 | Build | House |
| 20:02 | Build | House |
| 20:03 | Build | House |
| 20:03 | Build | House |
| 20:40 | Create | Battle Elephant |
| 20:40 | Create | Battle Elephant |
| 20:41 | Create | Battle Elephant |
| 20:41 | Create | Battle Elephant |
| 20:52 | Build | Lumber Camp |
| 21:08 | Build | House |
| 21:10 | Build | House |
| 21:17 | Build | Barracks |
| 21:20 | Build | Palisade Wall |
| 21:28 | Create | Villager (Male) |
| 21:30 | Create | Battle Elephant |
| 21:46 | Build | Siege Workshop |
| 22:01 | Build | Palisade Wall |
| 22:04 | Build | House |
| 22:16 | Create | Battering Ram |
| 22:20 | Create | Battering Ram |
| 22:36 | Research | Pikeman (upgrade) |
| 22:37 | Create | Spearman |
| 22:38 | Create | Spearman |
| 22:47 | Create | Villager (Male) |
| 23:13 | Create | Battering Ram |
| 23:19 | Create | Villager (Male) |
| 23:19 | Create | Villager (Male) |
| 23:23 | Research | Town Watch |
| 23:32 | Create | Battering Ram |
| 23:35 | Create | Villager (Male) |
| 23:47 | Build | Dock |
| 24:16 | Create | Villager (Male) |
| 24:18 | Create | Battle Elephant |
| 24:18 | Create | Battle Elephant |
| 24:44 | Create | Villager (Male) |
| 24:51 | Build | Town Center |
| 25:00 | Build | Town Center |
Build order — Dadagama
113 actions detected in the replay
| 0:09 | Build | House |
| 1:06 | Build | Dock |
| 2:20 | Build | Town Center |
| 2:59 | Create | Fishing Ship |
| 3:04 | Build | House |
| 3:14 | Create | Villager (Male) ×5 |
| 3:46 | Build | Mill |
| 4:07 | Create | Villager (Male) |
| 4:10 | Build | House |
| 4:44 | Create | Fishing Ship |
| 4:52 | Create | Fishing Ship |
| 5:33 | Create | Villager (Male) |
| 5:37 | Create | Fishing Ship |
| 5:43 | Build | House |
| 5:52 | Create | Villager (Male) |
| 6:20 | Create | Villager (Male) |
| 6:26 | Create | Fishing Ship |
| 6:41 | Create | Villager (Male) |
| 6:54 | Create | Villager (Male) |
| 7:24 | Create | Villager (Male) |
| 7:24 | Create | Villager (Male) |
| 7:29 | Build | House |
| 7:32 | Build | House |
| 8:09 | Create | Villager (Male) |
| 8:21 | Create | Villager (Male) |
| 8:47 | Build | House |
| 9:09 | Research | Loom |
| 9:30 | Research | Feudal Age |
| 9:46 | Build | Barracks |
| 9:51 | Build | House |
| 10:09 | Create | Villager (Male) |
| 10:09 | Create | Villager (Male) |
| 11:10 | Create | Villager (Male) |
| 11:34 | Age | Feudal Age |
| 11:35 | Build | Stable |
| 11:41 | Build | Blacksmith |
| 12:59 | Research | Castle Age |
| 13:08 | Build | Stable |
| 13:16 | Build | Gate |
| 13:19 | Build | Stone Wall |
| 13:24 | Create | Villager (Male) |
| 13:27 | Research | Double-Bit Axe |
| 13:33 | Build | Farm |
| 13:34 | Build | Farm |
| 13:34 | Build | Farm |
| 13:34 | Build | Farm |
| 13:34 | Build | Farm |
| 13:35 | Build | Farm |
| 13:35 | Build | Farm |
| 13:35 | Build | Farm |
| 13:35 | Build | Farm |
| 13:36 | Build | Farm |
| 13:36 | Build | Farm |
| 13:44 | Research | Horse Collar |
| 13:44 | Research | Horse Collar |
| 14:27 | Create | Villager (Male) |
| 14:30 | Research | Bloodlines |
| 14:46 | Build | Stable |
| 14:59 | Build | Farm |
| 15:11 | Build | Farm |
| 15:24 | Age | Castle Age |
| 15:27 | Create | Villager (Male) |
| 15:27 | Create | Villager (Male) |
| 15:29 | Create | Knight |
| 15:42 | Build | Gate |
| 15:49 | Create | Knight |
| 16:11 | Create | Villager (Male) |
| 16:11 | Create | Villager (Male) |
| 16:13 | Create | Knight |
| 16:13 | Create | Knight |
| 16:40 | Create | Knight |
| 17:20 | Create | Knight |
| 17:21 | Create | Villager (Male) ×4 |
| 17:24 | Build | House |
| 17:25 | Build | House |
| 17:25 | Build | House |
| 17:25 | Build | House |
| 17:26 | Build | House |
| 17:33 | Build | Farm |
| 17:35 | Build | Farm |
| 17:44 | Create | Knight |
| 17:45 | Create | Knight |
| 18:46 | Research | Husbandry |
| 18:47 | Create | Villager (Male) ×3 |
| 19:22 | Create | Knight ×3 |
| 19:53 | Create | Knight |
| 20:40 | Create | Knight ×2 |
| 20:54 | Build | Stable |
| 20:55 | Build | Stable |
| 21:16 | Create | Knight |
| 21:18 | Create | Villager (Male) ×5 |
| 21:21 | Build | Farm |
| 21:24 | Build | Farm |
| 21:25 | Build | Farm |
| 21:25 | Build | Farm |
| 21:25 | Build | Farm |
| 21:25 | Build | Farm |
| 21:33 | Build | House |
| 21:39 | Research | Light Cavalry (upgrade) |
| 21:40 | Research | Light Cavalry (upgrade) |
| 22:07 | Create | Knight |
| 22:07 | Create | Knight |
| 22:33 | Create | Knight |
| 22:47 | Build | Mining Camp |
| 22:49 | Create | Villager (Male) |
| 22:49 | Create | Villager (Male) |
| 22:49 | Create | Villager (Male) |
| 22:55 | Create | Knight ×2 |
| 23:12 | Research | Scale Barding Armor |
| 23:13 | Research | Fletching |
| 23:59 | Create | Villager (Male) |
| 24:14 | Create | Villager (Male) |
| 24:14 | Create | Villager (Male) |
Build order — Blizzard
80 actions detected in the replay
| 0:33 | Build | House |
| 3:23 | Build | Town Center |
| 3:49 | Build | House |
| 3:52 | Build | House |
| 4:31 | Create | Villager (Male) |
| 4:32 | Create | Villager (Male) |
| 4:32 | Create | Villager (Male) |
| 4:32 | Create | Villager (Male) |
| 5:15 | Create | Villager (Male) |
| 5:15 | Create | Villager (Male) |
| 6:16 | Create | Villager (Male) |
| 6:54 | Create | Villager (Male) |
| 7:01 | Build | House |
| 7:05 | Build | House |
| 7:34 | Create | Villager (Male) |
| 7:39 | Build | House |
| 8:55 | Build | House |
| 8:57 | Build | House |
| 9:25 | Create | Villager (Male) |
| 9:27 | Create | Villager (Male) |
| 9:53 | Create | Villager (Male) |
| 9:55 | Create | Villager (Male) |
| 10:10 | Build | Mill |
| 10:32 | Build | Lumber Camp |
| 10:34 | Research | Feudal Age |
| 11:12 | Build | Mining Camp |
| 11:32 | Research | Loom |
| 12:50 | Age | Feudal Age |
| 13:11 | Build | House |
| 13:31 | Create | Villager (Male) |
| 13:58 | Build | Market |
| 14:47 | Build | Blacksmith |
| 14:58 | Research | Double-Bit Axe |
| 15:53 | Research | Castle Age |
| 17:51 | Build | Mining Camp |
| 18:33 | Age | Castle Age |
| 18:42 | Build | Town Center |
| 19:38 | Build | Barracks |
| 20:07 | Create | Villager (Male) ×5 |
| 20:39 | Build | Farm |
| 20:50 | Create | Villager (Male) ×4 |
| 20:56 | Build | Farm |
| 21:10 | Build | Town Center |
| 21:27 | Build | Farm |
| 21:30 | Build | Farm |
| 21:32 | Create | Villager (Male) |
| 21:36 | Build | Farm |
| 21:57 | Build | Farm |
| 22:11 | Build | Farm |
| 22:19 | Build | Farm |
| 22:23 | Create | Villager (Male) |
| 22:32 | Build | Farm |
| 22:53 | Create | Villager (Male) |
| 23:04 | Build | Farm |
| 23:14 | Create | Villager (Male) |
| 23:26 | Build | Farm |
| 23:28 | Build | Farm |
| 23:31 | Create | Villager (Male) |
| 23:37 | Build | Farm |
| 23:52 | Create | Villager (Male) |
| 24:07 | Create | Villager (Male) |
| 24:14 | Create | Villager (Male) |
| 24:19 | Build | Farm |
| 24:32 | Create | Villager (Male) |
| 24:40 | Build | Farm |
| 24:42 | Create | Villager (Male) |
| 24:50 | Build | Farm |
| 24:51 | Build | Farm |
| 24:51 | Build | Farm |
| 24:56 | Create | Villager (Male) |
| 25:10 | Build | Farm |
| 25:12 | Create | Villager (Male) |
| 25:18 | Build | Farm |
| 25:19 | Create | Villager (Male) |
| 25:30 | Build | Farm |
| 25:31 | Create | Villager (Male) |
| 25:46 | Build | Farm |
| 25:47 | Create | Villager (Male) |
| 25:51 | Create | Villager (Male) |
| 25:59 | Create | Villager (Male) |
Build order — KIng Joselito Pecador
101 actions detected in the replay
| 3:11 | Build | Town Center |
| 4:30 | Build | Mill |
| 4:48 | Create | Villager (Male) |
| 4:48 | Create | Villager (Male) |
| 4:48 | Create | Villager (Male) |
| 4:48 | Create | Villager (Male) |
| 4:48 | Create | Villager (Male) |
| 4:48 | Create | Villager (Male) |
| 4:58 | Build | House |
| 5:47 | Build | House |
| 6:24 | Build | House |
| 6:36 | Build | Farm |
| 6:50 | Build | House |
| 6:56 | Create | Villager (Male) |
| 7:03 | Build | Barracks |
| 7:09 | Build | Farm |
| 7:14 | Create | Villager (Male) |
| 7:49 | Build | Lumber Camp |
| 7:51 | Create | Villager (Male) |
| 8:15 | Research | Loom |
| 8:18 | Build | Farm |
| 8:35 | Build | Dock |
| 8:43 | Create | Villager (Male) |
| 9:12 | Create | Villager (Male) |
| 9:20 | Create | Fishing Ship |
| 9:38 | Create | Villager (Male) |
| 9:39 | Build | Farm |
| 10:00 | Create | Villager (Male) |
| 10:06 | Create | Fishing Ship |
| 10:16 | Build | Farm |
| 10:46 | Research | Feudal Age |
| 10:46 | Research | Feudal Age |
| 10:53 | Create | Fishing Ship |
| 10:53 | Create | Fishing Ship |
| 11:57 | Create | Villager (Male) |
| 11:58 | Create | Villager (Male) |
| 12:05 | Create | Fishing Ship |
| 12:10 | Build | House |
| 12:56 | Age | Feudal Age |
| 12:57 | Build | Archery Range |
| 13:16 | Create | Spearman |
| 13:32 | Create | Villager (Male) |
| 13:48 | Create | Spearman |
| 13:58 | Build | Farm |
| 14:01 | Create | Villager (Male) |
| 14:43 | Create | Villager (Male) |
| 15:11 | Build | Market |
| 15:23 | Create | Villager (Male) |
| 15:38 | Create | Villager (Male) |
| 16:07 | Research | Castle Age |
| 16:43 | Build | Mining Camp |
| 17:00 | Build | House |
| 17:19 | Build | Dock |
| 17:24 | Research | Stone Mining |
| 17:24 | Research | Stone Mining |
| 17:32 | Build | Mining Camp |
| 18:01 | Research | Double-Bit Axe |
| 18:01 | Research | Double-Bit Axe |
| 18:39 | Build | House |
| 18:41 | Build | Palisade Wall |
| 18:44 | Build | Palisade Wall |
| 18:53 | Age | Castle Age |
| 18:56 | Create | Villager (Male) |
| 19:22 | Build | Farm |
| 19:23 | Create | Villager (Male) |
| 19:34 | Create | Fishing Ship |
| 19:43 | Create | Fishing Ship |
| 19:44 | Create | Fishing Ship |
| 19:47 | Create | Villager (Male) |
| 20:08 | Build | Castle |
| 20:14 | Build | Mining Camp |
| 20:23 | Create | Villager (Male) |
| 21:09 | Build | Lumber Camp |
| 21:11 | Create | Villager (Male) |
| 21:11 | Create | Villager (Male) |
| 21:18 | Create | Organ Gun |
| 21:25 | Create | Villager (Male) |
| 21:29 | Research | Bow Saw |
| 21:32 | Research | Horse Collar |
| 21:43 | Create | Villager (Male) |
| 22:03 | Create | Organ Gun |
| 22:04 | Create | Organ Gun |
| 22:38 | Build | Town Center |
| 22:49 | Create | Villager (Male) |
| 22:52 | Create | Villager (Male) |
| 23:07 | Create | Organ Gun |
| 23:07 | Create | Organ Gun |
| 23:47 | Create | Organ Gun |
| 23:51 | Create | Villager (Male) |
| 23:52 | Create | Villager (Male) |
| 24:00 | Create | Villager (Male) |
| 24:00 | Create | Villager (Male) |
| 24:01 | Create | Villager (Male) |
| 24:15 | Research | Wheelbarrow |
| 24:31 | Create | Villager (Male) |
| 24:31 | Create | Villager (Male) |
| 24:32 | Create | Organ Gun |
| 24:49 | Create | Organ Gun |
| 24:55 | Create | Organ Gun |
| 25:07 | Create | Organ Gun |
| 25:21 | Create | Organ Gun |
Build order — DolphLundgren
140 actions detected in the replay
| 0:23 | Build | Dock |
| 1:00 | Build | Palisade Wall |
| 1:05 | Build | House |
| 2:01 | Build | Town Center |
| 2:43 | Create | Fishing Ship |
| 2:43 | Create | Fishing Ship |
| 2:44 | Create | Fishing Ship |
| 3:16 | Create | Villager (Male) |
| 3:17 | Create | Villager (Male) |
| 3:17 | Create | Villager (Male) |
| 3:17 | Create | Villager (Male) |
| 3:18 | Create | Villager (Male) |
| 3:18 | Create | Villager (Male) |
| 3:25 | Create | Fishing Ship |
| 3:53 | Create | Fishing Ship |
| 4:03 | Build | House |
| 4:09 | Create | Villager (Male) |
| 4:34 | Create | Fishing Ship |
| 4:55 | Build | Dock |
| 5:14 | Create | Villager (Male) |
| 5:22 | Create | Fishing Ship |
| 5:33 | Create | Fishing Ship |
| 5:34 | Create | Villager (Male) |
| 5:45 | Create | Fishing Ship |
| 6:13 | Create | Villager (Male) |
| 6:13 | Create | Villager (Male) |
| 6:20 | Create | Fishing Ship |
| 6:20 | Create | Fishing Ship |
| 6:26 | Build | House |
| 6:31 | Create | Villager (Male) |
| 6:49 | Create | Fishing Ship |
| 6:50 | Create | Fishing Ship |
| 7:13 | Build | Outpost |
| 7:13 | Build | Outpost |
| 7:16 | Create | Villager (Male) |
| 7:24 | Create | Fishing Ship |
| 7:30 | Create | Villager (Male) |
| 7:33 | Create | Villager (Male) |
| 8:01 | Create | Villager (Male) |
| 8:05 | Create | Fishing Ship |
| 8:05 | Create | Fishing Ship |
| 8:10 | Build | House |
| 8:16 | Research | Loom |
| 8:29 | Build | Dock |
| 8:44 | Research | Feudal Age |
| 8:49 | Build | Mining Camp |
| 9:18 | Create | Villager (Male) |
| 9:37 | Create | Fishing Ship |
| 9:37 | Create | Fishing Ship |
| 10:12 | Create | Villager (Male) |
| 10:37 | Build | Lumber Camp |
| 10:54 | Age | Feudal Age |
| 10:56 | Build | Watch Tower |
| 11:02 | Create | Villager (Male) |
| 11:03 | Research | Double-Bit Axe |
| 11:15 | Create | Villager (Male) |
| 11:22 | Build | Blacksmith |
| 11:32 | Create | Villager (Male) |
| 11:36 | Build | Watch Tower |
| 11:54 | Build | House |
| 11:55 | Build | House |
| 12:15 | Research | Fletching |
| 12:30 | Build | Watch Tower |
| 13:01 | Create | Villager (Male) |
| 13:03 | Create | Villager (Male) |
| 13:14 | Create | Villager (Male) |
| 13:42 | Build | Mill |
| 13:46 | Create | Villager (Male) |
| 13:59 | Build | Outpost |
| 14:05 | Create | Villager (Male) |
| 14:20 | Build | House |
| 14:47 | Build | Market |
| 14:56 | Build | Mining Camp |
| 14:58 | Create | Villager (Male) |
| 15:58 | Build | Watch Tower |
| 16:10 | Research | Castle Age |
| 16:49 | Build | Watch Tower |
| 16:55 | Build | Palisade Wall |
| 16:58 | Build | Palisade Wall |
| 17:06 | Build | Palisade Wall |
| 17:15 | Build | Palisade Wall |
| 17:24 | Build | Palisade Wall |
| 17:27 | Build | Palisade Wall |
| 17:29 | Build | Palisade Wall |
| 17:41 | Build | Palisade Wall |
| 18:05 | Build | Palisade Wall |
| 18:19 | Build | Palisade Wall |
| 18:34 | Create | Villager (Male) |
| 18:34 | Create | Villager (Male) |
| 18:34 | Create | Villager (Male) |
| 18:50 | Age | Castle Age |
| 18:59 | Build | Monastery |
| 19:16 | Build | Siege Workshop |
| 19:26 | Build | Monastery |
| 19:33 | Create | Villager (Male) |
| 19:37 | Build | Farm |
| 19:39 | Build | Farm |
| 19:40 | Build | Farm |
| 19:56 | Create | Mangonel |
| 19:57 | Create | Mangonel |
| 20:01 | Build | Monastery |
| 20:17 | Build | House |
| 20:19 | Build | House |
| 20:21 | Build | House |
| 20:23 | Build | House |
| 20:35 | Create | Monk |
| 20:41 | Create | Monk |
| 20:41 | Create | Monk |
| 20:47 | Build | Gate |
| 20:49 | Build | Gate |
| 20:58 | Build | Lumber Camp |
| 21:13 | Build | Lumber Camp |
| 21:15 | Create | Villager (Male) |
| 21:17 | Create | Monk |
| 21:17 | Create | Monk |
| 21:18 | Create | Villager (Male) |
| 22:03 | Create | Monk |
| 22:03 | Create | Monk |
| 22:04 | Create | Monk |
| 22:15 | Create | Villager (Male) |
| 23:07 | Build | Siege Workshop |
| 23:11 | Build | House |
| 23:21 | Create | Villager (Male) |
| 23:22 | Create | Villager (Male) |
| 23:22 | Create | Villager (Male) |
| 23:22 | Create | Villager (Male) |
| 23:22 | Create | Villager (Male) |
| 23:22 | Create | Villager (Male) |
| 23:34 | Create | Armored Elephant |
| 23:34 | Create | Armored Elephant |
| 23:35 | Create | Armored Elephant |
| 23:35 | Create | Armored Elephant |
| 23:35 | Create | Armored Elephant |
| 23:59 | Create | Armored Elephant |
| 24:00 | Create | Armored Elephant |
| 24:10 | Build | House |
| 25:42 | Create | Villager (Male) |
| 25:43 | Create | Villager (Male) |
| 25:49 | Build | Town Center |
| 25:51 | Create | Villager (Male) |
Match timeline
| 0:23 | DolphLundgren · first_building Dock |
| 0:43 | Hamstring Cramp · first_building Dock |
| 0:48 | Blaze · first_building Dock |
| 1:00 | DolphLundgren · wall_segment Palisade Wall x3 |
| 1:06 | Dadagama · first_building Dock |
| 1:07 | [GDL] RagnarokCo · first_building Dock |
| 7:03 | KIng Joselito Pecador · first_building Barracks |
| 8:35 | KIng Joselito Pecador · first_building Dock |
| 8:46 | [GDL] RagnarokCo · wall_segment Palisade Wall x5 |
| 9:00 | Blaze · wall_segment Palisade Wall x3 |
| 9:05 | Blaze · wall_segment Palisade Wall x4 |
| 9:46 | Dadagama · first_building Barracks |
| 9:48 | Hamstring Cramp · age_up feudal |
| 10:28 | [GDL] RagnarokCo · age_up feudal |
| 10:54 | DolphLundgren · age_up feudal |
| 10:56 | Blaze · age_up feudal |
| 11:34 | Dadagama · age_up feudal |
| 11:35 | Dadagama · first_building Stable |
| 11:53 | rookie · age_up feudal |
| 12:50 | Blizzard · age_up feudal |
| 12:56 | KIng Joselito Pecador · age_up feudal |
| 12:57 | KIng Joselito Pecador · first_building Archery Range |
| 13:19 | Dadagama · wall_segment Stone Wall x1 |
| 14:26 | Blaze · wall_segment Palisade Wall x1 |
| 15:11 | Blaze · age_up castle |
| 15:19 | Hamstring Cramp · first_building Barracks |
| 15:24 | Dadagama · age_up castle |
| 15:33 | Hamstring Cramp · age_up castle |
| 15:46 | rookie · age_up castle |
| 15:57 | [GDL] RagnarokCo · first_market_buy 100 stone |
| 15:59 | [GDL] RagnarokCo · first_market_sell 100 wood |
| 16:02 | Hamstring Cramp · first_building Stable |
| 16:04 | Blaze · first_building Castle |
| 16:07 | DolphLundgren · first_market_sell 100 food |
| 16:08 | Blaze · wall_segment Palisade Wall x2 |
| 16:12 | Blaze · wall_segment Palisade Wall x4 |
| 16:55 | DolphLundgren · wall_segment Palisade Wall x1 |
| 16:58 | DolphLundgren · wall_segment Palisade Wall x1 |
| 17:06 | DolphLundgren · wall_segment Palisade Wall x1 |
| 17:15 | DolphLundgren · wall_segment Palisade Wall x1 |
| 17:24 | DolphLundgren · wall_segment Palisade Wall x1 |
| 17:27 | DolphLundgren · wall_segment Palisade Wall x1 |
| 17:29 | DolphLundgren · wall_segment Palisade Wall x1 |
| 17:32 | [GDL] RagnarokCo · age_up castle |
| 17:41 | DolphLundgren · wall_segment Palisade Wall x1 |
| 17:47 | Blaze · first_market_sell 100 food |
| 17:48 | Blaze · first_market_buy 100 wood |
| 17:56 | Blaze · first_building Barracks |
| 18:02 | [GDL] RagnarokCo · first_building Castle |
| 18:05 | DolphLundgren · wall_segment Palisade Wall x1 |
| 18:19 | DolphLundgren · wall_segment Palisade Wall x1 |
| 18:33 | Blizzard · age_up castle |
| 18:34 | [GDL] RagnarokCo · wall_segment Palisade Wall x1 |
| 18:36 | [GDL] RagnarokCo · wall_segment Palisade Wall x1 |
| 18:41 | KIng Joselito Pecador · wall_segment Palisade Wall x1 |
| 18:44 | KIng Joselito Pecador · wall_segment Palisade Wall x1 |
| 18:50 | DolphLundgren · age_up castle |
| 18:53 | KIng Joselito Pecador · age_up castle |
| 18:59 | DolphLundgren · first_building Monastery |
| 19:16 | DolphLundgren · first_building Siege Workshop |
| 19:38 | Blizzard · first_building Barracks |
| 20:08 | KIng Joselito Pecador · first_building Castle |
| 21:00 | Blaze · first_building Siege Workshop |
| 21:20 | Hamstring Cramp · wall_segment Palisade Wall x1 |
| 21:46 | Hamstring Cramp · first_building Siege Workshop |
| 22:01 | Hamstring Cramp · wall_segment Palisade Wall x1 |
| 23:59 | rookie · wall_segment Stone Wall x5 |
| 24:13 | rookie · first_building Castle |
| 25:13 | rookie · first_building Barracks |
| 25:34 | [GDL] RagnarokCo · resign |
| 25:57 | rookie · first_building Siege Workshop |
[ AI ANALYSIS · 1 CREDIT ]
What really happened in this match?
Wolo.gg analyzes every decision: build order, eco, micro, common mistakes by bracket. Personalized analysis on WhatsApp or Discord in 30 seconds.
Civ guide
Malians
Perfil
Jugador #235285